 Dungeon Crawl Stone Soup version 0.29-a0-1043-g569b05d6ff (webtiles) character file.

Game seed: 7923585511871678338

38 ytrimaz the Insei (level 3, 0/26 HPs)
             Began as a Demonspawn Transmuter on Aug 15, 2022.
             Slain by a gnoll
             ... wielding a +0 spear
              (9 damage)
             ... on level 2 of the Dungeon.
             The game lasted 00:01:29 (1758 turns).

ytrimaz the Insei (Demonspawn Transmuter)           Turns: 1758, Time: 00:01:29

Health: 0/26       AC:  2    Str: 10    XL:     3   Next: 25%
Magic:  6/6        EV: 12    Int: 16    God:
Gold:   56         SH:  0    Dex: 13    Spells: 4/7 levels left

rFire   . . .      SeeInvis .     - Unarmed
rCold   . . .      Faith    .   (no shield)
rNeg    . . .      Spirit   .   a - +0 robe
rPois   .          Reflect  .   (no helmet)
rElec   .          Harm     .   (no cloak)
rCorr   .          Rampage  .   (no gloves)
Will    .....                   (no boots)
Stlth   +.........              (no amulet)
HPRegen 0.08/turn               (no ring)
MPRegen 0.10/turn               (no ring)

@: no status effects
A: claws 1, powered by death 1
a: no special abilities


You were on level 2 of the Dungeon.
You visited 1 branch of the dungeon, and saw 2 of its levels.

You collected 56 gold pieces.

Inventory:

Armour
 a - a +0 robe (worn)
Scrolls
 c - a scroll of teleportation
 f - 2 scrolls of poison
Potions
 b - 2 potions of lignification
 d - a potion of curing {unknown}
 g - 2 potions of cancellation


   Skills:
 - Level 1.0 Fighting
 - Level 1.7 Dodging
 + Level 3.2 Unarmed Combat
 * Level 2.5 Spellcasting
 * Level 2.3 Transmutations


You had 4 spell levels left.
You knew the following spells:

 Your Spells              Type           Power      Damage    Failure   Level
a - Beastly Appendage     Tmut           18%        N/A       8%          1
b - Wereblood             Tmut           9%         N/A       12%         2

Your spell library contained the following spells:

 Spells                   Type           Power      Damage    Failure   Level
 Spider Form              Tmut/Pois      5%         N/A       36%         3
 Gell's Gravitas          Tloc           2%         N/A       52%         3
 Inner Flame              Hex/Fire       2%         N/A       52%         3
 Teleport Other           Tloc           2%         N/A       52%         3
 Ice Form                 Ice/Tmut       5%         N/A       77%         4
 Cause Fear               Hex            1%         N/A       89%         4
 Dispersal                Tloc           1%         N/A       100%        6
 Discord                  Hex            1%         N/A       100%        8


Dungeon Overview and Level Annotations

Branches:
Dungeon (2/15)

Altars:


Innate Abilities, Weirdness & Mutations

You have sharp fingernails.
You regenerate a little health from kills.


Message History

The bat hits you but does no damage. The bat misses you.
The bat closely misses you.
You barely miss the bat.
The bat is severely wounded.
The bat barely misses you. The bat closely misses you.
The bat hits you but does no damage.
A bat is nearby!
You completely miss the bat.
The bat is severely wounded.
The bat hits you but does no damage.
You closely miss the bat.
The bat is severely wounded.
The bat hits you but does no damage. The bat hits you but does no damage.
The bat hits you but does no damage.
You barely miss the bat.
The bat is heavily wounded.
The bat barely misses you.
You closely miss the bat.
The bat is heavily wounded.
The bat hits you. The bat misses you.
You scratch the bat.
You kill the bat!
No target in view!
You open the door.
There is an open door here.
A gnoll is nearby!
A gnoll is nearby!
A gnoll is nearby!
You grow a pair of large bovine horns.
Your feet morph into talons.
Your transformation is almost over.
The gnoll hits you from afar with a +0 spear!
Unknown command.
Your horns disappear.
Your talons disappear.
You start resting.
A gnoll is nearby!
You scratch the gnoll but do no damage. The gnoll hits you with a +0 spear!
You completely miss the gnoll. The gnoll hits you with a +0 spear!
You die...

. ##'## .# ##...##
######.# ##.....##
......###.......##
####...#.##.........#
#.g.......'.........'
#.##.....##.........#
#.###g#..###.......##
#g#.@....# ##.....##
#.#.###.## ##..>##
#.#.# .# ##'##
#.#.###.# #.#
#.......# ##.##
###.##### #...### #.#
##.....# #.# #......#
#.# ##...#.#


You could see a gnoll.

Vanquished Creatures
  A gnoll (D:2)
  3 dart slugs
  2 bats
  An endoplasm (D:2)
  3 goblins
  A hobgoblin (D:2)
  2 jackals (D:2)
  3 kobolds
  4 ball pythons
  2 rats
22 creatures vanquished.

Vanquished Creatures (others)
  8 plants (D:2)
8 creatures vanquished.

Grand Total: 30 creatures vanquished

Notes
Turn   | Place    | Note
-------+----------+-------------------------------------------
     0 | D:1      | ytrimaz the Demonspawn Transmuter began the quest for the
                  | Orb.
     0 | D:1      | Reached XP level 1. HP: 15/15 MP: 3/3
   182 | D:1      | Gained mutation: You regenerate a little health from kills.
                  | [demonic ancestry]
   182 | D:1      | Reached XP level 2. HP: 16/21 MP: 1/5
   600 | D:1      | Reached skill level 3 in Unarmed Combat
  1252 | D:2      | Learned a level 2 spell: Wereblood
  1323 | D:2      | Discovered your monstrous ancestry.
  1323 | D:2      | Gained mutation: You have sharp fingernails. [demonic
                  | ancestry]
  1323 | D:2      | Reached XP level 3. HP: 15/26 MP: 4/6
  1758 | D:2      | Slain by a gnoll

Illustrated notes

Levels and vault maps discovered:
D:1:      nicolae_arrival_washed_ashore, layout_loops_corners
D:2:      layout_loops_corners, serial_shops, nicolae_diamond_shop,
          supply_closet_lemuel, nicolae_grassy_gnolls, uniq_crazy_yiuf_cottage

Skill      XL: |  1  2 |
---------------+-------+-----
Transmutations | 2 |  2.3
Unarmed Combat | 3 |  3.2
Fighting       | |  1.0
Dodging        | |  1.7
Spellcasting   | |  2.5

Action                   || total
-------------------------++-------
Melee: Unarmed           ||    64
       Kick              ||     8
       Headbutt          ||     4
       Punch             ||     1
 Cast: Beastly Appendage ||    17
       Wereblood         ||     1
  Use: Scroll            ||     4
 Stab: Sleeping          ||     2
Armor: Robe              ||    16
Dodge: Dodged            ||    32

Table legend: (Time is in decaauts)
 A = Elapsed time spent in this place.
 B = Non-inter-level travel time spent in this place.
 C = Inter-level travel time spent in this place.
 D = Time resting spent in this place.
 E = Time spent auto-exploring this place.
 F = Levels seen in this place.
 G = Mean time per level.
                   A        B        C        D        E       F      G
               +--------+--------+--------+--------+--------+-----+--------+
         Total |   1754 |   1733 |     21 |    206 |   1281 |   2 |  877.0 |
       Dungeon |   1754 |   1733 |     21 |    206 |   1281 |   2 |  877.0 |
               +--------+--------+--------+--------+--------+-----+--------+

Top non-repeatable levels by time:
     D:1: 1178 daAuts
     D:2: 575 daAuts
